 Dungeon Crawl Stone Soup version 0.30.0-29-ga12c61a403 (webtiles) character file.

Game seed: 2531769281207221044

67 hitthewallwitha the Cudgeller (level 4, -3/29 HPs)
             Began as a Gargoyle Berserker on June 19, 2023.
             Was a Believer of Trog.
             Killed by nerve-wracking pain
             ... invoked by an orc priest
              (6 damage)
             ... on level 2 of the Dungeon.
             The game lasted 00:03:07 (1167 turns).

hitthewallwitha the Cudgeller (Gargoyle Berserker)  Turns: 1167, Time: 00:03:10

Health: -3/29      AC:  9    Str: 23    XL:     4   Next: 18%
Magic:  4/4        EV: 11    Int:  7    God:    Trog [**....]
Gold:   37         SH:  0    Dex:  9    Spells: 3/3 levels left

rFire   . . .        a - +0 mace
rCold   . . .        (no shield)
rNeg    + . .        f - +0 ring mail
rPois   ∞            (no helmet)
rElec   +            (no cloak)
rCorr   .            (no gloves)
SInv    .            (no boots)
Will    .....        (no amulet)
Stlth   +            (no ring)
HPRegen 0.24/turn    (no ring)
MPRegen 0.09/turn

%: no passive effects
@: invisible
A: sickness immunity, AC +3, negative energy resistance 1, electricity
resistance, torment resistance 1, petrification resistance
a: Renounce Religion, Berserk, Trog's Hand


You were on level 2 of the Dungeon.
You worshipped Trog.
Trog was pleased with you.
You visited 1 branch of the dungeon, and saw 2 of its levels.

You collected 37 gold pieces.

Inventory:

Hand Weapons
 a - a +0 mace (weapon)
Missiles
 i - 2 atropa-tipped darts (quivered)
Armour
 b - a +0 animal skin
 f - a +0 ring mail (worn)
Scrolls
 c - a scroll of vulnerability {unknown}
 d - 3 scrolls of enchant armour {unknown}
 e - a scroll of immolation {unknown}
 g - a scroll of magic mapping {unknown}
 h - 2 scrolls of amnesia {unknown}
 j - 2 scrolls of identify {unknown}
 l - a scroll of silence {unknown}
 n - a scroll of blinking {unknown}
 q - a scroll of teleportation {unknown}
Potions
 m - a potion of ambrosia {unknown}
 o - a potion of curing {unknown}
 p - a potion of heal wounds {unknown}


   Skills:
 + Level 3.8 Fighting
 + Level 4.1 Maces & Flails
 + Level 2.4 Armour
 + Level 2.0 Dodging
 + Level 0.8 Stealth


You had 3 spell levels left.
You didn't know any spells.
Your spell library was empty.

Dungeon Overview and Level Annotations

Branches:
Dungeon (2/15)

Altars:


Innate Abilities, Weirdness & Mutations

You are immune to sickness and miasma.
Your stone body is resilient. (AC +3)
You are immune to poison.
You resist negative energy. (rN+)
You are resistant to electric shocks. (rElec)
You are resistant to unholy torment.
You are immune to petrification.


Message History

You fade into invisibility!
Unknown command.
You closely miss the orc. You completely miss the orc.
The orc hits you but does no damage.
You catch the helpless orc completely off-guard!
You hit the orc.
The orc is heavily wounded.
The orc hits you with a +0 mace. The orc misses you.
The orc barely misses you. x2
You hit the orc but do no damage.
The orc is heavily wounded.
The orc priest mumbles some strange prayers to Beogh against you.
The orc writhes in agony!
The orc dies!
The orc hits you with a +0 mace.
You hit the orc.
You kill the orc!
Trog accepts your kill.
You can now call upon Trog for regeneration and willpower.
You closely miss the orc priest.
The orc priest hits you with a +0 hand axe.
You hit the orc priest.
The orc priest is moderately wounded.
You closely miss the orc priest.
The orc priest is moderately wounded.
The orc priest closely misses you. The orc closely misses you.
The orc priest hits you but does no damage.
You hit the orc priest.
The orc priest is heavily wounded.
The orc closely misses you. The orc priest barely misses you.
You hit the orc priest.
The orc priest is severely wounded.
The orc priest hits you with a +0 hand axe.
* * * LOW HITPOINT WARNING * * *
You hit the orc priest.
The orc priest is almost dead.
The orc hits you with a +0 flail.
* * * LOW HITPOINT WARNING * * *
The orc priest calls down the wrath of Beogh upon you.
Pain shoots through your body!
You die...

####'#####...#####'##
#. #..#..#...#..#..#
#. #..#..'...'..#..#
#. #######...#######
##.###.## ###.##
#.......######...#
.........o..##.###
#.......#o#.##.#
#.#...#o#@o....#
#.......#.#.##.#
#......o#.#.##.#
#...o...#......#
#.#...#.#.#.##.#
#......o#.#.##.#
#....... #.####.#


You could see 2 orc priests and an orc (unable to see you).

Vanquished Creatures
  4 adders (D:2)
  A dart slug (D:1)
  An orc (D:2)
  2 endoplasms (D:1)
  A giant cockroach (D:1)
  5 goblins (D:1)
  2 hobgoblins
  8 ball pythons
  A bat (D:1)
  2 frilled lizards (D:1)
  3 rats (D:1)
30 creatures vanquished.

Vanquished Creatures (others)
  An orc (D:2)
1 creature vanquished.

Grand Total: 31 creatures vanquished

Notes
Turn   | Place    | Note
-------+----------+-------------------------------------------
     0 | D:1      | hitthewallwitha the Gargoyle Berserker began the quest for
                  | the Orb.
     0 | D:1      | Reached XP level 1. HP: 14/14 MP: 1/1
   301 | D:1      | Reached XP level 2. HP: 19/19 MP: 2/2
   966 | D:2      | Reached XP level 3. HP: 24/24 MP: 3/3
  1134 | D:2      | Reached skill level 4 in Maces & Flails
  1134 | D:2      | Reached XP level 4. HP: 29/29 MP: 4/4
  1161 | D:2      | Reached ** piety under Trog
  1167 | D:2      | Killed from afar by an orc priest

Illustrated notes

Levels and vault maps discovered:
D:1:      dpeg_arrival_arbitrary_b, layout_basic, minmay_misc_feat_iff,
          grunt_decor_fettered, minmay_pentomino_q4
D:2:      cheibrodos_pilgrimage, layout_loops_ring, serial_shops,
          nicolae_square_shop, hangedman_decor_points, minmay_snake_closets

Skill      XL: |  1  2  3 |
---------------+----------+-----
Dodging        | 2 |  2.0
Maces & Flails | 4 |  4.1
Fighting       | |  3.8
Armour         | |  2.4
Stealth        | |  0.8

Action                     |  1- 3 |  4- 6 || total
---------------------------+-------+-------++-------
  Melee: Mace              |   103 |    11 ||   114
    Use: Potion            |       |     1 ||     1
   Stab: Invisible         |       |     1 ||     1
 Armour: Animal skin       |    23 |       ||    23
         Ring mail         |    41 |     2 ||    43
  Dodge: Dodged            |    69 |     7 ||    76
